[Event "ICC tourney 2093 (45 10)"]
[Site "Internet Chess Club"]
[Date "2020.10.31"]
[Round "4"]
[White "largecrab"]
[Black "mopaska1106"]
[Result "1-0"]
[ICCResult "Black resigns"]
[WhiteElo "2168"]
[BlackElo "1953"]
[Opening "Sicilian: Pelikan, Chelyabinsk variation"]
[ECO "B32"]
[NIC "SI.37"]
[Time "18:31:51"]
[TimeControl "2700+10"]

1. e4 c5 2. Nf3 Nc6 3. d4 cxd4 4. Nxd4 e5 5. Nb5 d6 6. N1c3 Nf6 7. Bg5 a6 8.
Na3 b5 9. Nd5 Be7 10. Bxf6 Bxf6 11. c4 b4 12. Nc2 Rb8 13. Be2 O-O 14. b3 Bg5
15. O-O f5 16. Bf3 Kh8 17. exf5 Bxf5 18. Nde3 Ne7 19. a3 a5 20. axb4 axb4
21. Ra6 Rb6 22. Ra8 Rb8 23. Ra6 Rb6 24. Ra4 e4 25. Bg4 Bxg4 26. Qxg4 Bxe3
27. Nxe3 d5 28. Ra7 dxc4 29. Nxc4 Rbf6 30. Rd7 Qc8 31. Qd1 Qc5 32. Qd4 Qxd4
33. Rxd4 Nc6 34. Rxe4 h6 35. f3 Kh7 36. Rd1 R8f7 37. Ne5 Nxe5 38. Rxe5 Rc7
39. Re4 Rb6 40. Rdd4 Rc1+ 41. Kf2 Rc2+ 42. Kg3 Ra6 43. Kh3 Raa2 44. Rg4 g5
45. Rxb4 Rab2 46. Rb6 Rc3 47. b4 Rcc2 48. Rd4 Rc7 49. Rdd6 {Black resigns}
1-0

[Event "ICC tourney 2093 (45 10)"]
[Site "Internet Chess Club"]
[Date "2020.10.31"]
[Round "4"]
[White "chessw23"]
[Black "needGodcom"]
[Result "0-1"]
[ICCResult "White checkmated"]
[WhiteElo "1980"]
[BlackElo "2050"]
[Opening "French: advance variation"]
[ECO "C02"]
[NIC "FR.03"]
[Time "18:31:19"]
[TimeControl "2700+10"]

1. e4 e6 2. d4 d5 3. e5 c5 4. c3 Qb6 5. Nf3 Nc6 6. a3 c4 7. Nbd2 Na5 8. Qc2
Bd7 9. Be2 Nb3 10. Nxb3 Ba4 11. Nfd2 O-O-O 12. Qb1 cxb3 13. Nf3 Bb5 14. Bxb5
Qxb5 15. Be3 Ne7 16. Qd1 Nc6 17. a4 Qb6 18. Nd2 Na5 19. O-O Kb8 20. f4 Rc8
21. f5 Nc4 22. Nxc4 dxc4 23. fxe6 fxe6 24. Qg4 g6 25. a5 Qc6 26. a6 b6 27.
Rf7 Rc7 28. Qf4 Be7 29. Qf3 Qxf3 30. Rxf3 Rf8 31. Rxf8+ Bxf8 32. Rf1 Bg7 33.
h4 h6 34. Rf3 b5 35. d5 exd5 36. e6 Re7 37. Bc5 Rxe6 38. Rf7 Bxc3 39. Bxa7+
Ka8 40. Bc5 Rxa6 41. Ba3 b4 42. Rf8+ Kb7 43. Rf7+ Kc8 44. Rf8+ Kd7 45. Rf7+
Ke6 46. Rf1 bxa3 47. bxc3 a2 48. Re1+ Kd6 49. Ra1 b2 50. Rf1 b1=Q 51. h5
a1=Q 52. hxg6 Qxf1+ 53. Kh2 Ra2 54. g7 Qxg2# {White checkmated} 0-1

[Event "ICC tourney 2093 (45 10)"]
[Site "Internet Chess Club"]
[Date "2020.10.31"]
[Round "4"]
[White "MrNormalName"]
[Black "icyblizzard"]
[Result "1-0"]
[ICCResult "Black forfeits on time"]
[WhiteElo "2193"]
[BlackElo "2047"]
[Opening "Grünfeld: exchange, Seville variation"]
[ECO "D87"]
[NIC "GI.05"]
[Time "18:32:08"]
[TimeControl "2700+10"]

1. d4 Nf6 2. c4 g6 3. Nc3 d5 4. cxd5 Nxd5 5. e4 Nxc3 6. bxc3 Bg7 7. Bc4 c5
8. Ne2 Nc6 9. Be3 O-O 10. O-O Bg4 11. f3 Na5 12. Bxf7+ Rxf7 13. fxg4 Rxf1+
14. Kxf1 cxd4 15. cxd4 b5 16. Rb1 Qd7 17. h3 Nc4 18. Bf2 Rf8 19. Kg1 Qe6 20.
Qd3 a6 21. d5 Qd6 22. Bd4 Ne5 23. Qc3 Qb8 24. Rc1 b4 25. Qb3 Kh8 26. Bc5 Qb5
27. Nd4 Qd3 28. Ne6 Rc8 29. Qxb4 Qg3 30. Rf1 Nd3 31. Qb7 Rb8 32. Qxe7 Rg8
33. Nxg7 Nf4 34. Rf2 Nxh3+ 35. Kf1 Nxf2 36. Ne6 Qd3+ 37. Kxf2 Qd2+ 38. Kg1
Qc1+ 39. Kh2 Qh6+ 40. Kg3 Rc8 41. Qf7 {Black forfeits on time} 1-0

[Event "ICC tourney 2093 (45 10)"]
[Site "Internet Chess Club"]
[Date "2020.10.31"]
[Round "4"]
[White "kurumania"]
[Black "JasonModer"]
[Result "0-1"]
[ICCResult "White resigns"]
[WhiteElo "2506"]
[BlackElo "2536"]
[Opening "QGA: 3.Nf3"]
[ECO "D21"]
[NIC "QG.05"]
[Time "18:31:19"]
[TimeControl "2700+10"]

1. d4 d5 2. c4 dxc4 3. Nf3 c5 4. e3 cxd4 5. Bxc4 Qc7 6. Bb3 dxe3 7. Bxe3 e6
8. Nc3 Nc6 9. O-O Nf6 10. Nb5 Qa5 11. Nd6+ Bxd6 12. Qxd6 Ne4 13. Qf4 Qf5 14.
Qh4 Nf6 15. Rac1 Qg4 16. Qxg4 Nxg4 17. Bc5 Bd7 18. Rfd1 Nf6 19. Bc4 Rc8 20.
Ba3 a6 21. b3 b5 22. Be2 Nd5 23. Ng5 Ncb4 24. Rxc8+ Bxc8 25. Bh5 g6 26. Bf3
h6 27. Ne4 O-O 28. Rd2 a5 29. Be2 Bd7 30. Bxb4 axb4 31. Rxd5 exd5 32. Nf6+
Kg7 33. Nxd7 Ra8 34. Bxb5 Rxa2 35. g3 Ra3 36. Nb6 Rxb3 37. Nxd5 Rb1+ 38. Bf1
b3 39. Nc3 Rc1 40. Na4 Ra1 41. Nb2 Rb1 42. Nc4 b2 43. Nxb2 Rxb2 44. h4 Kf6
45. Kg2 Ke5 46. Bc4 f5 47. Bf7 Kf6 48. Bc4 Rc2 49. Bb3 Rc3 50. Bg8 Rc7 51.
Bd5 Ke5 52. Bb3 Ke4 53. Ba2 Rb7 54. Bc4 f4 55. Be2 Rb3 56. gxf4 Kxf4 57. Bd1
Rb2 58. Bf3 Rd2 59. h5 g5 {White resigns} 0-1

[Event "ICC tourney 2093 (45 10)"]
[Site "Internet Chess Club"]
[Date "2020.10.31"]
[Round "4"]
[White "JQX2019"]
[Black "hollyelf"]
[Result "0-1"]
[ICCResult "White checkmated"]
[WhiteElo "1842"]
[BlackElo "2060"]
[Opening "QGD semi-Slav"]
[ECO "D43"]
[NIC "SL.03"]
[Time "18:31:16"]
[TimeControl "2700+10"]

1. d4 d5 2. c4 c6 3. Nc3 Nf6 4. Nf3 e6 5. cxd5 exd5 6. Bg5 h6 7. Bh4 g5 8.
Bg3 Bd6 9. Qc2 Qe7 10. e3 Bg4 11. Bxd6 Qxd6 12. Ne5 Nbd7 13. Nxg4 Nxg4 14.
h3 Ngf6 15. Bd3 a6 16. a3 O-O-O 17. O-O-O Rhe8 18. g4 Kb8 19. Kb1 Nb6 20.
Rhe1 Qh2 21. Rh1 Qc7 22. Ne2 h5 23. gxh5 Nxh5 24. Rdg1 Rg8 25. Rg2 f6 26.
Rhg1 Rh8 27. Nc3 Ng7 28. Rh1 Qd7 29. Rg3 Rh4 30. Rf3 g4 31. Rxf6 gxh3 32. f3
Ka7 33. Rg6 Re8 34. Qf2 Rhh8 35. e4 dxe4 36. fxe4 Ref8 37. Qg1 Nh5 38. Bf1
Nf4 39. Rg7 Qe6 40. a4 Qb3 41. a5 Na4 42. d5+ Ka8 43. Nxa4 Qd1+ 44. Ka2
Qxa4+ 45. Kb1 Qxe4+ 46. Ka1 Qe1+ 47. Ka2 Qxa5+ 48. Kb1 cxd5 49. Rh2 Qe1+ 50.
Ka2 Ne6 51. Re7 Rxf1 52. Qb6 Qb1+ 53. Ka3 Rf3+ 54. Kb4 Qe4+ 55. Ka5 Qe1+ 56.
Ka4 Rf4+ 57. Ka3 Nd8 58. Kb3 Qg3+ 59. Ka2 Ra4+ 60. Kb1 Qd3+ 61. Rc2 Qd1+ 62.
Rc1 Ra1+ 63. Kxa1 Qxc1+ 64. Ka2 Qc4+ 65. b3 Qc2+ 66. Ka3 h2 67. Rc7 Qxc7 68.
Qxc7 h1=Q 69. Qc8+ Ka7 70. Qc5+ b6 71. Qc7+ Nb7 72. Qc3 Rh3 73. Qg7 Qc1+ 74.
Qb2 Qc5+ 75. Ka2 Qa5+ 76. Kb1 Rh1+ 77. Kc2 Rh2+ 78. Kb1 Qe1+ 79. Ka2 Rxb2+
80. Kxb2 Qd2+ 81. Ka1 Qc2 82. b4 d4 83. b5 d3 84. bxa6 d2 85. axb7 d1=Q#
{White checkmated}
0-1

[Event "ICC tourney 2093 (45 10)"]
[Site "Internet Chess Club"]
[Date "2020.10.31"]
[Round "5"]
[White "IndianTerritory"]
[Black "brilliantnessme"]
[Result "1/2-1/2"]
[ICCResult "Game drawn by mutual agreement"]
[WhiteElo "2082"]
[BlackElo "2022"]
[Opening "Sicilian: Najdorf, Byrne (English) attack"]
[ECO "B90"]
[NIC "SI.14"]
[Time "21:01:31"]
[TimeControl "2700+10"]

1. e4 c5 2. Nf3 d6 3. d4 cxd4 4. Nxd4 Nf6 5. Nc3 a6 6. Be3 e5 7. Nb3 Be6 8.
Qd2 Be7 9. f3 Nbd7 10. g4 h6 11. O-O-O b5 12. h4 Nb6 13. Qf2 Nfd7 14. Na5
Qc7 15. Nd5 Nxd5 16. exd5 Qxa5 17. dxe6 fxe6 18. Kb1 d5 19. f4 exf4 20. Qxf4
Rf8 21. Qg3 O-O-O 22. g5 Qc7 23. Qxc7+ Kxc7 24. gxh6 gxh6 25. Bxh6 Rh8 26.
Bf4+ Bd6 27. Bd2 Rdf8 28. Bd3 e5 29. Bg6 Kc6 30. h5 e4 31. Rhg1 Ne5
{Game drawn by mutual agreement}
1/2-1/2

[Event "ICC tourney 2093 (45 10)"]
[Site "Internet Chess Club"]
[Date "2020.10.31"]
[Round "5"]
[White "Chessking2008"]
[Black "Dking135799"]
[Result "1-0"]
[ICCResult "Black resigns"]
[WhiteElo "2187"]
[BlackElo "2216"]
[Opening "English: Mikenas-Carls variation"]
[ECO "A18"]
[NIC "EO.57"]
[Time "21:03:15"]
[TimeControl "2700+10"]

1. c4 Nf6 2. Nc3 e6 3. e4 d5 4. cxd5 exd5 5. e5 Ne4 6. d4 Bf5 7. Bd3 Nxc3 8.
bxc3 Bxd3 9. Qxd3 Be7 10. Ne2 c5 11. O-O c4 12. Qc2 O-O 13. f4 Nc6 14. Rf3
f5 15. h3 Qd7 16. Be3 b5 17. a3 a5 18. Kh2 b4 19. Rg1 bxa3 20. g4 Rab8 21.
Bc1 Rb3 22. Rf2 Qe6 23. Ng3 fxg4 24. f5 Qd7 25. Nh5 Nxd4 26. Qd2 Rxf5 27.
Qxd4 Rxh5 28. Rxg4 Rxh3+ 29. Kxh3 h5 30. e6 hxg4+ 31. Qxg4 Rxc3+ 32. Kg2 Qd6
33. Bf4 Qc5 34. Be5 Bf8 35. Bxc3 {Black resigns} 1-0

[Event "ICC tourney 2093 (45 10)"]
[Site "Internet Chess Club"]
[Date "2020.10.31"]
[Round "5"]
[White "hollyelf"]
[Black "kurumania"]
[Result "0-1"]
[ICCResult "White checkmated"]
[WhiteElo "2058"]
[BlackElo "2508"]
[Opening "Two knights defense (Modern bishop's opening)"]
[ECO "C55"]
[NIC "IG.01"]
[Time "21:10:39"]
[TimeControl "2700+10"]

1. e4 e5 2. Nf3 Nc6 3. Bc4 Nf6 4. d3 Be7 5. O-O O-O 6. Re1 d6 7. c3 Na5 8.
Nbd2 Nxc4 9. Nxc4 Re8 10. Ne3 Bf8 11. h3 c6 12. Nf5 d5 13. Ng3 dxe4 14. dxe4
Qxd1 15. Rxd1 g6 16. Bg5 Nd7 17. Rd2 f6 18. Be3 Nc5 19. Rad1 Be6 20. b3 a5
21. Ne1 b5 22. Nd3 Nb7 23. f4 exf4 24. Nxf4 Bf7 25. Rd7 Nc5 26. Bxc5 Bxc5+
27. Kf1 a4 28. Nd3 Bf8 29. Nc1 axb3 30. axb3 Ra1 31. b4 h5 32. h4 Bh6 33.
Nce2 Ra2 34. R7d6 Bb3 35. Rd8 Kf8 36. Rxe8+ Kxe8 37. Rd3 Bc4 38. Rf3 Ke7 39.
Ke1 Bd2+ 40. Kf2 Ra1 41. Nd4 Be1+ 42. Ke3 Bxc3 43. Nxc6+ Kd7 44. Na5 Be6 45.
Nb7 Bxb4 46. Rxf6 Be7 47. Rf2 Kc7 48. Rb2 b4 49. Nd8 Kxd8 50. Ne2 Bc5+ 51.
Kd3 b3 52. Rd2 Ke7 53. Kc3 Ra2 54. g3 Bb4+ 55. Kxb4 Rxd2 56. Nc3 Rc2 57. Nb1
Kf6 58. Ka3 Ke5 59. g4 hxg4 60. h5 gxh5 61. Kb4 Kd4 62. Ka3 Kc5 63. e5 Ra2#
{White checkmated}
0-1

[Event "ICC tourney 2093 (45 10)"]
[Site "Internet Chess Club"]
[Date "2020.10.31"]
[Round "5"]
[White "AJM04"]
[Black "njspyx"]
[Result "0-1"]
[ICCResult "White resigns"]
[WhiteElo "2026"]
[BlackElo "2064"]
[Opening "Sicilian: closed, Korchnoi variation"]
[ECO "B23"]
[NIC "SI.44"]
[Time "21:01:21"]
[TimeControl "2700+10"]

1. e4 c5 2. Nc3 e6 3. g3 d5 4. exd5 exd5 5. Bg2 Nf6 6. d4 cxd4 7. Qxd4 Nc6
8. Qd1 Bb4 9. Ne2 O-O 10. O-O Be6 11. Bg5 Re8 12. a3 Be7 13. Nf4 d4 14. Nxe6
fxe6 15. Ne2 Qb6 16. Bxc6 bxc6 17. Qxd4 Qb5 18. Qe3 Nd5 19. Qxe6+ Kh8 20.
Nd4 Qc4 21. Be3 Bg5 22. Qxc6 Nxe3 23. Qxc4 Nxc4 24. b3 Bf6 25. Rad1 Nxa3 26.
c4 Reb8 27. Nc6 Rxb3 28. Rd7 Nxc4 {White resigns} 0-1

[Event "ICC tourney 2093 (45 10)"]
[Site "Internet Chess Club"]
[Date "2020.10.31"]
[Round "5"]
[White "e4f5"]
[Black "Aleksandrov73"]
[Result "1/2-1/2"]
[ICCResult "Game drawn by mutual agreement"]
[WhiteElo "2250"]
[BlackElo "2636"]
[Opening "Ruy Lopez: Anderssen variation"]
[ECO "C77"]
[NIC "RL.12"]
[Time "21:01:32"]
[TimeControl "2700+10"]

1. e4 e5 2. Nf3 Nc6 3. Bb5 a6 4. Ba4 Nf6 5. d3 d6 6. c3 g6 7. O-O Bg7 8.
Nbd2 O-O 9. Re1 Nb8 10. d4 Nbd7 11. Bc2 b5 12. a4 Bb7 13. Bd3 c6 14. dxe5
dxe5 15. b4 bxa4 16. Nc4 Qc7 17. Qxa4 c5 18. Qa5 Rfc8 19. Qxc7 Rxc7 20. Na5
Bc8 21. Bd2 Nh5 22. g3 Bf8 23. b5 axb5 24. Bxb5 c4 25. Nxc4 Rxa1 26. Rxa1
Nhf6 27. Bxd7 Bxd7 28. Ncxe5 Nxe4 29. Nxd7 Rxd7 30. Be1 Rc7 31. Rc1 Bb4 32.
c4 Bxe1 33. Nxe1 Nd2 34. c5 Nb3 35. Rc3 Nxc5 36. Nd3 Ne6 37. Rxc7 Nxc7 38.
Kg2 f5 39. h4 Kf7 40. Kf3 Nd5 41. Nf4 Nf6 42. Ke3 Ng4+ 43. Ke2 Ke7 44. f3
Ne5 45. Nd3 Kd6 46. Nxe5 Kxe5 47. Kd3 h6 48. Ke3 f4+ 49. gxf4+ Kf5 50. h5
{Game drawn by mutual agreement}
1/2-1/2

[Event "ICC tourney 2093 (45 10)"]
[Site "Internet Chess Club"]
[Date "2020.10.31"]
[Round "5"]
[White "Singireddy"]
[Black "jy2020"]
[Result "1/2-1/2"]
[ICCResult "Game drawn by mutual agreement"]
[WhiteElo "2131"]
[BlackElo "2211"]
[Opening "Sicilian: Alapin's variation (2.c3)"]
[ECO "B22"]
[NIC "SI.47"]
[Time "21:01:21"]
[TimeControl "2700+10"]

1. e4 c5 2. c3 Nf6 3. e5 Nd5 4. d4 cxd4 5. cxd4 d6 6. Nf3 Nc6 7. Bc4 Nb6 8.
Bb3 dxe5 9. dxe5 Qxd1+ 10. Bxd1 Bg4 11. h3 Bh5 12. Nc3 e6 13. O-O O-O-O 14.
Be3 Bxf3 15. Bxf3 Nxe5 16. Be2 Nc6 17. Rad1 Be7 18. a3 Kb8 19. Bxb6 axb6 20.
Nb5 Bf6 21. b4 Nd4 22. Nxd4 Bxd4 23. Kh1 e5 24. g4 f6 25. f4 e4 26. Kg2 Bc3
27. Rxd8+ Rxd8 28. Rc1 Bd2 29. Rc4 Re8 30. f5 Be3 31. Rc3 Bd4 32. Rc4 Rd8
33. Kg3 Be5+ 34. Kg2 Bd4 35. Kg3 b5 36. Rc2 Be5+ 37. Kf2 Bf4 38. Bxb5 Rd1
39. Re2 Rd4 40. Rc2 Rd1 41. Re2 Rd4 42. Rc2 Bh6 43. Ke2 e3 44. Bd3 Rf4 45.
Kxe3 Rxg4+ 46. Kf3 Rd4 47. Be4 Rd1 48. Rc3 Re1 49. Rd3 Rf1+ 50. Ke2 Rf4 51.
Rd8+ Kc7 52. Re8 {Game drawn by mutual agreement} 1/2-1/2

[Event "ICC tourney 2093 (45 10)"]
[Site "Internet Chess Club"]
[Date "2020.10.31"]
[Round "5"]
[White "jsl1996"]
[Black "JasonModer"]
[Result "1/2-1/2"]
[ICCResult "Game drawn by mutual agreement"]
[WhiteElo "2641"]
[BlackElo "2541"]
[Opening "QGA: 3.e4"]
[ECO "D20"]
[NIC "QG.04"]
[Time "21:01:15"]
[TimeControl "2700+10"]

1. d4 d5 2. c4 dxc4 3. e4 Nf6 4. e5 Nd5 5. Bxc4 Nc6 6. Nc3 Nb6 7. Bb5 Bd7 8.
Nge2 e6 9. Be3 Nb4 10. O-O Be7 11. Bxd7+ Qxd7 12. Rc1 O-O 13. Nf4 N4d5 14.
Nh5 f5 15. exf6 Nxf6 16. Nxf6+ Rxf6 17. Qg4 Nd5 18. Nxd5 Qxd5 19. Rxc7 Rg6
20. Qh3 Bd6 21. Rc2 Qxa2 22. Rfc1 Rf6 23. d5 Bf8 24. dxe6 Qxe6 25. Qxe6+
Rxe6 26. Rc7 b6 27. h4 Be7 28. h5 Bf6 29. b3 Re5 30. Bd4 Rxh5 31. Bxf6 gxf6
32. Rb7 b5 33. b4 a6 34. Rc6 Rh4 35. g3 Rxb4 36. Rcc7 Rg4 37. Kg2 h5 38. Rh7
a5 39. Rxh5 b4 {Game drawn by mutual agreement} 1/2-1/2

[Event "ICC tourney 2093 (45 10)"]
[Site "Internet Chess Club"]
[Date "2020.10.31"]
[Round "5"]
[White "funplaychess"]
[Black "MrNormalName"]
[Result "1-0"]
[ICCResult "Black resigns"]
[WhiteElo "2335"]
[BlackElo "2183"]
[Opening "Nimzo-Indian: Kmoch variation"]
[ECO "E20"]
[NIC "NI.30"]
[Time "21:04:56"]
[TimeControl "2700+10"]

1. d4 Nf6 2. c4 e6 3. Nc3 Bb4 4. f3 O-O 5. a3 Bxc3+ 6. bxc3 Ne8 7. e4 c5 8.
Bd3 Nc6 9. Ne2 b6 10. O-O Ba6 11. f4 f5 12. exf5 exf5 13. dxc5 bxc5 14. Be3
d6 15. Qa4 Bb7 16. Rab1 Qd7 17. Ng3 g6 18. Rfd1 Nf6 19. Be2 Qe7 20. Bf2 Ne4
21. Nxe4 fxe4 22. Be3 Nd8 23. g3 Nf7 24. Bxc5 e3 25. Bxd6 Nxd6 26. c5 Nf7
27. c6 Bc8 28. Rb4 Bf5 29. Rb7 Qc5 30. Qc4 Qxa3 31. g4 Bc8 32. Rxf7 Rxf7 33.
Rd8+ Qf8 34. Rxf8+ Kxf8 35. c7 Bd7 36. Qb4+ Kg7 37. Qd4+ Kg8 38. Bc4 Bxg4
39. Bxf7+ Kxf7 40. Qd5+ Be6 41. Qxa8 e2 42. Kf2 Bd5 43. Qxd5+ {Black
resigns} 1-0

[Event "ICC tourney 2093 (45 10)"]
[Site "Internet Chess Club"]
[Date "2020.10.31"]
[Round "5"]
[White "needGodcom"]
[Black "Frolik67"]
[Result "1/2-1/2"]
[ICCResult "Game drawn by mutual agreement"]
[WhiteElo "2050"]
[BlackElo "2114"]
[Opening "QGD: semi-Slav"]
[ECO "D31"]
[NIC "SL.06"]
[Time "21:01:12"]
[TimeControl "2700+10"]

1. d4 e6 2. c4 d5 3. Nc3 c6 4. e3 f5 5. Bd3 Bd6 6. cxd5 exd5 7. Qc2 Qg5 8.
g3 Ne7 9. e4 Qg4 10. Be2 Qg6 11. e5 Bc7 12. f4 O-O 13. Nf3 Rd8 14. b4 b6 15.
a4 Bb7 16. Ba3 h6 17. b5 Qe6 18. bxc6 Nbxc6 19. Nb5 Rac8 20. Qd3 a6 21. Nd6
Bxd6 22. exd6 Ng6 23. Ne5 Na5 24. Qf3 Bc6 25. Bxa6 Ra8 26. Be2 Bxa4 27. O-O
Nf8 28. Rab1 b5 29. Bxb5 Bc2 30. Rbc1 Nb3 31. Nc6 Rxa3 32. Nxd8 Qxd6 33. Nb7
Nxc1 34. Nxd6 Rxf3 35. Rxf3 Nb3 36. Bc6 Nxd4 37. Bxd5+ Kh7 38. Ra3 Nd7 39.
Ra7 Nf6 40. Bg2 Bd3 41. h3 h5 42. Kf2 Nb5 43. Nxb5 Bxb5 44. Ra5 Bd7 45. Ke3
Kg6 46. Bf3 Be6 47. Ra6 Bc8 48. Rc6 Bd7 49. Rd6 Bc8 50. Bc6 Kf7 51. Rd8 Be6
{Game drawn by mutual agreement}
1/2-1/2

[Event "ICC tourney 2093 (45 10)"]
[Site "Internet Chess Club"]
[Date "2020.10.31"]
[Round "5"]
[White "premierchess"]
[Black "drberkley"]
[Result "1-0"]
[ICCResult "Black resigns"]
[WhiteElo "2190"]
[BlackElo "1933"]
[Opening "Pirc defense"]
[ECO "B07"]
[NIC "PU.07"]
[Time "21:02:13"]
[TimeControl "2700+10"]

1. e4 d6 2. d4 Nf6 3. Nc3 g6 4. Be3 Bg7 5. Qd2 a6 6. Bh6 O-O 7. h4 Bxh6 8.
Qxh6 Nbd7 9. Nf3 e5 10. O-O-O Qe7 11. h5 Ng4 12. Qd2 Ndf6 13. hxg6 fxg6 14.
Bc4+ Be6 15. Bxe6+ Qxe6 16. Ng5 Qe7 17. f3 exd4 18. Qxd4 Ne5 19. Nd5 Qd8 20.
Nxf6+ Rxf6 21. Qd5+ Nf7 22. Nxf7 Rxf7 23. Rxh7 Qf6 24. Rdh1 Rf8 25. Rxf7
Rxf7 26. Kb1 c6 27. Qd2 Kf8 28. Rd1 Rd7 29. Qh6+ Ke7 30. Rh1 Ke6 31. f4 Rg7
32. Qh8 Qe7 33. Qh3+ Kf7 34. Re1 d5 35. e5 Qe6 36. g4 Kg8 37. f5 Qe8 38. e6
Qe7 39. Rh1 Rh7 40. Qxh7+ Qxh7 41. Rxh7 Kxh7 42. e7 {Black resigns} 1-0

[Event "ICC tourney 2093 (45 10)"]
[Site "Internet Chess Club"]
[Date "2020.10.31"]
[Round "5"]
[White "RogerZ"]
[Black "bishoboo"]
[Result "0-1"]
[ICCResult "White resigns"]
[WhiteElo "1929"]
[BlackElo "1957"]
[Opening "Caro-Kann: Tartakower (Nimzovich) variation"]
[ECO "B15"]
[NIC "CK.06"]
[Time "21:01:28"]
[TimeControl "2700+10"]

1. e4 c6 2. d4 d5 3. Nc3 dxe4 4. Nxe4 Nf6 5. Nxf6+ exf6 6. c3 Bd6 7. Bd3 O-O
8. Qc2 Re8+ 9. Ne2 h5 10. Be3 Nd7 11. O-O-O Nf8 12. Qd2 Qa5 13. Kb1 Be6 14.
Nc1 b5 15. f3 f5 16. h3 b4 17. c4 Bg3 18. Ne2 Bc7 19. b3 Rad8 20. g4 fxg4
21. hxg4 hxg4 22. fxg4 Bxg4 23. Rdg1 Bf5 24. Rg5 Bxd3+ 25. Qxd3 Re5 26. Rxe5
Qxe5 27. Bf4 Qe7 28. Qh3 f6 29. Bxc7 Qxc7 30. Ng3 Qe7 31. Nf5 Qe4+ 32. Ka1
Kf7 33. Rg1 g6 34. Nh6+ Ke7 35. Rd1 Rxd4 36. Rf1 Rd2 {White resigns} 0-1

[Event "ICC tourney 2093 (45 10)"]
[Site "Internet Chess Club"]
[Date "2020.10.31"]
[Round "5"]
[White "marble"]
[Black "largecrab"]
[Result "1-0"]
[ICCResult "Black resigns"]
[WhiteElo "2494"]
[BlackElo "2164"]
[Opening "Sicilian defense"]
[ECO "B40"]
[NIC "SI.43"]
[Time "21:01:25"]
[TimeControl "2700+10"]

1. e4 c5 2. Nf3 e6 3. g3 Nc6 4. Bg2 Be7 5. O-O d6 6. c3 Nf6 7. Qe2 e5 8. d3
O-O 9. Na3 Be6 10. Ng5 Bg4 11. f3 Bd7 12. f4 exf4 13. gxf4 h6 14. Nf3 Qc8
15. Kh1 Bg4 16. Nc4 d5 17. Ne3 dxe4 18. dxe4 Re8 19. e5 Nh5 20. Nxg4 Qxg4
21. Nd4 Qxe2 22. Nxe2 g6 23. Be3 Ng7 24. Ng3 Rac8 25. Rad1 Red8 26. Rd5 Rxd5
27. Bxd5 b6 28. Kg2 Bh4 29. Rd1 Rd8 30. Rd2 Ne7 31. Bxf7+ Kxf7 32. Rxd8 Nef5
33. Rd7+ Ke6 34. Rxa7 Nxe3+ 35. Kf3 Ngf5 36. Nxf5 Nxf5 37. Ke4 Bf2 38. a4
Ne7 39. Rb7 c4 40. Rc7 Bg1 41. h3 g5 42. fxg5 hxg5 43. Rxc4 Bh2 44. Rb4 Nc8
45. Rb5 Bg1 46. a5 Na7 47. Rd5 bxa5 48. Rxa5 Nc8 49. Ra6+ Nb6 50. b4 Ke7 51.
Ra7+ Nd7 52. Ra6 Nb6 53. Kf5 Be3 54. Ra7+ Nd7 55. Rb7 Ke8 56. c4 Nb6 57. Ke6
Kd8 58. c5 Nc4 59. Kd5 Nd2 60. e6 Bf4 61. b5 Nb3 62. b6 Be3 63. Rd7+ Ke8 64.
b7 Bf4 65. c6 Na5 66. c7 {Black resigns} 1-0

[Event "ICC tourney 2093 (45 10)"]
[Site "Internet Chess Club"]
[Date "2020.10.31"]
[Round "5"]
[White "icyblizzard"]
[Black "mopaska1106"]
[Result "0-1"]
[ICCResult "White resigns"]
[WhiteElo "2027"]
[BlackElo "1973"]
[Opening "Pirc defense"]
[ECO "B07"]
[NIC "PU.08"]
[Time "21:04:02"]
[TimeControl "2700+10"]

1. e4 d6 2. d4 Nf6 3. Nc3 Nbd7 4. Nf3 c6 5. a4 Qc7 6. Be2 e5 7. h3 h6 8. O-O
g5 9. dxe5 dxe5 10. Nh2 Be7 11. Be3 Nf8 12. Ng4 Ng6 13. g3 Nxg4 14. Bxg4 O-O
15. Qf3 Bxg4 16. hxg4 Rad8 17. Rad1 Qa5 18. Bc1 Rd4 19. Qf5 Bb4 20. Ne2 Rxd1
21. Rxd1 Qxa4 22. b3 Qa6 23. Qf3 Qb6 24. Kg2 Kg7 25. Rh1 Rd8 26. Qf5 Bd2 27.
Bb2 Qb5 28. Ng1 Qc5 29. c4 Bb4 30. Nh3 Rd3 31. Bc1 Bd2 32. Bb2 Rxb3 33. Ba1
Bc3 34. Qd7 Bxa1 35. Rxa1 Qxc4 36. Qf5 Qd4 37. Re1 a5 38. Rh1 Rb2 39. Qc8 a4
40. Qc7 a3 41. Qa5 Qxe4+ 42. Kh2 a2 43. Re1 Qxe1 44. Qxe1 Rb1 {White
resigns} 0-1

[Event "ICC tourney 2093 (45 10)"]
[Site "Internet Chess Club"]
[Date "2020.10.31"]
[Round "5"]
[White "aplusk"]
[Black "GGuseinov"]
[Result "1-0"]
[ICCResult "Black resigns"]
[WhiteElo "2609"]
[BlackElo "2688"]
[Opening "King's Indian: fianchetto, lesser Simagin (Spassky) variation"]
[ECO "E62"]
[NIC "KI.72"]
[Time "21:01:19"]
[TimeControl "2700+10"]

1. d4 Nf6 2. c4 g6 3. g3 Bg7 4. Bg2 O-O 5. Nc3 d6 6. Nf3 Nc6 7. O-O Bf5 8.
d5 Na5 9. Nd4 Bd7 10. b3 c5 11. dxc6 Nxc6 12. Bb2 Qa5 13. e3 a6 14. Qe2 Rfc8
15. Rfd1 Bg4 16. Nxc6 bxc6 17. f3 Be6 18. e4 Ng4 19. Na4 Bxb2 20. Qxb2 Ne3
21. Qd2 Qxd2 22. Rxd2 Rd8 23. Bh1 d5 24. exd5 cxd5 25. Kf2 d4 26. f4 Ra7 27.
Nc5 Bc8 28. Nd3 f6 29. Nb4 Bb7 30. Bxb7 Rxb7 31. Nc6 Rd6 32. Nxd4 Ng4+ 33.
Ke2 Nxh2 34. c5 Rd5 35. Nf3 Rxd2+ 36. Nxd2 Ng4 37. c6 Rc7 38. Rc1 Nh6 39. b4
Nf5 40. Kd3 e5 41. a4 Nd4 42. fxe5 Nxc6 43. Ke3 Nxb4 44. Rxc7 Nd5+ 45. Kd4
Nxc7 46. exf6 Ne6+ 47. Kd5 Kf7 48. Ne4 Nf8 49. a5 h5 50. Kc6 g5 51. Kb7 Kg6
52. Kxa6 h4 53. gxh4 gxh4 54. Kb5 Ne6 55. Kb6 h3 56. a6 Ng5 57. Ng3 h2 58.
a7 Ne4 59. Nh1 {Black resigns} 1-0

[Event "ICC tourney 2093 (45 10)"]
[Site "Internet Chess Club"]
[Date "2020.10.31"]
[Round "5"]
[White "speedskater"]
[Black "TjkTiger"]
[Result "0-1"]
[ICCResult "White resigns"]
[WhiteElo "2613"]
[BlackElo "2625"]
[Opening "Réti opening"]
[ECO "A04"]
[NIC "QP.10"]
[Time "21:01:40"]
[TimeControl "2700+10"]

1. Nf3 c5 2. g3 Nc6 3. Bg2 g6 4. O-O Bg7 5. c4 d6 6. Nc3 Rb8 7. d3 a6 8. a4
e6 9. Bg5 Nge7 10. Ne4 f5 11. Nc3 h6 12. Be3 e5 13. Ne1 O-O 14. f4 b6 15.
Nc2 Bb7 16. Nd5 Nxd5 17. Bxd5+ Kh7 18. Rb1 a5 19. Bd2 Qd7 20. e4 exf4 21.
Bxf4 fxe4 22. dxe4 Nd4 23. Nxd4 Bxd4+ 24. Kg2 Rbe8 25. Qd3 Bxd5 26. exd5 Qg4
27. Rf3 Rf7 28. h3 Qd7 29. Rbf1 Rfe7 30. g4 Re2+ 31. Kh1 Bg7 32. Bd2 Qxa4
33. Bc3 R2e7 34. Bf6 Rf7 35. Bxg7 Rxg7 36. Rf6 Qd7 37. Qb3 Re2 38. Qxb6 Qe7
39. Qxd6 Qe4+ 40. R6f3 Rf7 41. Qg3 Re3 42. Kg2 a4 43. Rf2 h5 44. d6 Rfxf3
45. Rxf3 Qc2+ 46. Rf2 Rxg3+ {White resigns} 0-1

[Event "ICC tourney 2093 (45 10)"]
[Site "Internet Chess Club"]
[Date "2020.10.31"]
[Round "5"]
[White "Visam"]
[Black "Openyagami"]
[Result "1-0"]
[ICCResult "Black resigns"]
[WhiteElo "2624"]
[BlackElo "2587"]
[Opening "King's Indian: fianchetto without c4"]
[ECO "A49"]
[NIC "QP.06"]
[Time "21:01:57"]
[TimeControl "2700+10"]

1. d4 Nf6 2. Nf3 g6 3. g3 Bg7 4. Bg2 c5 5. d5 b5 6. O-O d6 7. Re1 O-O 8. e4
Bg4 9. h3 Bxf3 10. Qxf3 Nbd7 11. Qe2 c4 12. f4 Nc5 13. Kh2 Re8 14. Nc3 e6
15. dxe6 Rxe6 16. e5 dxe5 17. f5 gxf5 18. Bxa8 Qxa8 19. Be3 Nce4 20. Qf3 Qc6
21. Rad1 Re8 22. Qxf5 Nd6 23. Qf2 b4 24. Ne2 Qa4 25. Nc1 h5 26. Rf1 Nde4 27.
Qe2 Qc6 28. Qf3 a5 29. Ne2 c3 30. b3 a4 31. g4 hxg4 32. hxg4 Qe6 33. Rg1
axb3 34. axb3 Nd2 35. Bxd2 cxd2 36. Rxd2 e4 37. Qf4 e3 38. Rd6 Qe7 39. Rd3
Ne4 40. Kg2 Nd2 41. Qf5 Qb7+ 42. Kh3 Re6 43. Rd8+ Bf8 44. g5 Rg6 45. Qc5
Qd7+ 46. Rxd7 Bxc5 47. Rg4 Rc6 48. Kg2 Bf8 49. Nd4 e2 50. Kf2 Rc5 51. Kxe2
Nb1 52. g6 fxg6 53. Rxg6+ Kh8 54. Rc6 Re5+ 55. Kd3 Re8 56. Ne6 Be7 57. Nc7
Rg8 58. Rxe7 Rg3+ 59. Kc4 Rg4+ 60. Kc5 Na3 61. Nd5 Rc4+ 62. bxc4 {Black
resigns} 1-0